Map: Odyssey LE

Players

MoonStone - Winner!

  • Race: Protoss Protoss
  • League: Platinum
  • Spawn Location: 11:00

MajorPayne

  • Race: Terran Terran
  • League: Platinum
  • Spawn Location: 5:00

VOD

Have the link to the VOD?

Description

Time

  • Played on: Aug. 31, 2017, 2:15 p.m.
  • Length: 10:00
Show
View Real Time Build Order
Export as new Build Order

MoonStone Protoss - Winner!

Build Orders: 1 Gate Expand 

Get SALT Encoding   

  12  0:01  Probe (Chrono Boost)  
  13  0:11  Probe (Chrono Boost)  
  14  0:19  Pylon  
  14  0:22  Probe (Chrono Boost)  
  15  0:38  Probe (Chrono Boost)  
  15  0:41  Gateway  
  16  0:44  Assimilator  
  16  0:48  Probe (Chrono Boost)  
  17  0:59  Probe (Chrono Boost)  
  18  1:09  Probe (Chrono Boost)  
  19  1:25  Nexus  
  19  1:32  Cybernetics Core  
  19  1:33  Probe (Chrono Boost)  
  20  1:44  Probe (Chrono Boost)  
  20  1:46  Pylon  
  21  1:49  Assimilator  
  21  1:58  Probe (Chrono Boost)  
  22  2:09  Warp Gate, Stalker, Probe (Chrono Boost)  
  25  2:17  Gateway  
  25  2:19  Probe (Chrono Boost)  
  26  2:34  Robotics Facility  
  26  2:36  Probe (Chrono Boost)  
  27  2:45  Stalker  
  27  2:48  Probe (Chrono Boost)  
  27  2:50  Probe (Chrono Boost)  
  31  3:00  Probe x2 (Chrono Boost)  
  31  3:03  Pylon  
  33  3:09  Sentry  
  35  3:15  Stalker  
  37  3:22  Probe x2 (Chrono Boost)  
  37  3:24  Observer  
  40  3:31  Pylon  
  40  3:32  Probe (Chrono Boost)  
  40  3:33  Probe (Chrono Boost)  
  38  3:52  Immortal (Chrono Boost)  
  32  4:34  Probe  
  32  4:35  Stalker  
  32  4:36  Stalker  
  37  4:47  Probe  
  38  4:55  Nexus  
  38  4:56  Pylon  
  38  4:59  Gateway, Probe  
  39  5:01  Pylon  
  39  5:14  Probe  
  39  5:16  Stalker  
  42  5:26  Probe  
  42  5:27  Immortal (Chrono Boost)  
  47  5:38  Probe  
  46  5:44  Stalker  
  46  5:45  Stalker  
  50  5:54  Twilight Council  
  50  6:17  Stalker x2  
  50  6:18  Stalker  
  52  6:48  Probe  
  52  6:50  Probe  
  52  6:51  Stalker x3  
  60  6:54  Blink (Chrono Boost)  
  60  6:59  Probe  
  60  7:01  Immortal (Chrono Boost)  
  65  7:02  Probe  
  62  7:20  Stalker x3  
  68  7:35  Probe  
  68  7:36  Probe  
  70  7:39  Assimilator  
  70  7:42  Assimilator  
  70  7:58  Pylon  
  70  8:00  Pylon  
  70  8:04  Probe  
  70  8:05  Probe  
  70  8:15  Probe  
  70  8:16  Warp Prism (Chrono Boost)  
  70  8:18  Zealot x3, Probe  
  80  8:23  Nexus  
  80  8:25  Pylon  
  80  8:28  Templar Archives, Probe  
  80  8:30  Probe  
  82  8:43  Stalker x3  
  88  8:48  Probe  
  88  8:50  Probe  
  90  8:59  Probe  
  73  9:49  Zealot x3  
Show
View Real Time Build Order
Export as new Build Order

MajorPayne Terran 

Build Orders: Cyclone Opening 

Get SALT Encoding   

  12  0:04  SCV  
  13  0:22  Supply Depot  
  13  0:23  Refinery  
  13  0:25  SCV  
  14  0:42  SCV  
  15  0:54  SCV  
  16  1:03  Barracks  
  16  1:14  Supply Depot, SCV  
  17  1:32  SCV  
  18  1:44  SCV  
  19  1:53  Marine  
  20  1:56  SCV  
  20  1:57  Factory  
  21  2:09  Orbital Command  
  21  2:11  Marine  
  22  2:17  Engineering Bay  
  22  2:29  Marine  
  23  2:43  Cyclone  
  26  2:47  Marine  
  27  2:54  Missile Turret  
  27  3:02  Command Center  
  27  3:05  Marine  
  29  3:15  Cyclone  
  30  4:14  Marine, Cyclone  
  29  4:25  Orbital Command  
  29  4:29  Command Center  
  28  4:32  Marine  
  24  4:50  Marine  
  24  4:51  Cyclone  
  28  4:59  Bunker  
  28  5:05  SCV  
  28  5:07  Refinery  
  29  5:08  Marine  
  29  5:11  Command Center  
  30  5:17  SCV x2  
  32  5:26  Marine  
  33  5:32  SCV  
  33  5:33  SCV  
  35  5:45  Marine  
  35  5:46  Factory  
  36  5:52  Bunker  
  36  6:02  Marine  
  37  6:07  SCV  
  37  6:20  Marine  
  37  6:22  SCV x3  
  41  6:38  Marine  
  39  6:52  Factory Tech Lab  
  39  6:56  Marine  
  39  6:58  Starport  
  40  7:01  Barracks  
  40  7:04  Supply Depot  
  40  7:05  Barracks  
  40  7:07  Barracks  
  40  7:12  Siege Tank  
  40  7:14  Marine  
  35  7:27  Cyclone  
  38  7:31  Marine  
  38  7:36  SCV x4  
  43  7:46  Bunker  
  43  7:48  SCV  
  43  7:49  Marine  
  44  8:07  Marine  
  44  8:10  Siege Tank  
  48  8:25  Marine  
  48  8:26  Supply Depot  
  49  8:33  SCV  
  50  8:43  Marine  
  50  8:45  Marine  
  50  8:47  Marine x2  
  54  8:49  Cyclone  
  57  8:58  Missile Turret  
  57  9:01  Marine  
  58  9:03  Marine  
  58  9:05  Marine  
  50  9:15  Marine  
  49  9:18  Marine  
  49  9:21  Marine  
  49  9:22  Marine  
  39  9:33  Marine  
  39  9:36  Marine  
  35  9:39  Marine  
  35  9:40  Marine  
Tags
 
Add a new tag
Caveats
  • Supply blocks, unpowered buildings, or Contaminate may cause inaccurate times.
  • Supply counts are checked every 10 seconds.